 Dungeon Crawl Stone Soup version 0.19.4 (webtiles) character file.

1236 Kiturien the Cleaver (level 8, -3/62 HPs)
             Began as a Hill Orc Fighter on Feb 1, 2017.
             Splashed by a brown ugly thing's acid (8 damage)
             ... on level 6 of the Dungeon.
             The game lasted 00:12:09 (4285 turns).

Kiturien the Cleaver (Hill Orc Fighter)             Turns: 4285, Time: 00:12:10

Health: -3/62      AC: 14    Str: 21    XL:     8   Next: 49%
Magic:  8/8        EV:  4    Int:  8    God:
Gold:   234        SH: 10    Dex: 10    Spells: 0 memorised, 7 levels left

rFire  x . .     SeeInvis .     a - +3 war axe
rCold  + . .     Gourm    +     v - +0 plate armour
rNeg   . . .     Faith    .     c - +0 shield
rPois  +         Spirit   .     k - +0 helmet
rElec  .         Reflect  .     y - +0 cloak
rCorr  .         Harm     .     (no gloves)
MR     .....     Clarity  +     (no boots)
Stlth  ..........               s - amulet of the gourmand
                                o - ring of ice
                                g - ring of flight

@: corroded
A: fangs 1, icy blue scales 2, clarity, frail 1, poison resistance, screaming 1,
MP-powered wands
a: Evoke Flight


You were on level 6 of the Dungeon.
You were not hungry.

You visited 2 branches of the dungeon, and saw 7 of its levels.

You collected 234 gold pieces.

Inventory:

Hand Weapons
 a - a +3 war axe (weapon)
Armour
 c - a +0 shield (worn)
 k - a +0 helmet (worn)
 v - a +0 plate armour (worn)
 y - a +0 cloak (worn)
Jewellery
 g - a ring of flight (left hand)
 o - a ring of ice (right hand)
 s - an amulet of the gourmand (around neck)
Scrolls
 e - 6 scrolls of identify
 h - 4 scrolls of remove curse
 l - a scroll of blinking
 q - a scroll of fog {unknown}
 r - a scroll of teleportation {unknown}
 u - a scroll of noise {unknown}
 z - a scroll of summoning {unknown}
 A - a scroll of enchant weapon
Potions
 d - 3 potions of might
 i - 2 potions of magic
 j - a potion of agility
 m - 4 potions of flight
 p - 3 potions of curing
 x - 2 potions of resistance
Comestibles
 f - 3 bread rations
 n - 16 fruits
 t - 3 meat rations
 w - a beef jerky


   Skills:
 + Level 5.4 Fighting
 + Level 9.3 Axes
 * Level 6.2 Armour
 + Level 1.1 Dodging
 + Level 0.3 Stealth
 + Level 5.1 Shields


You had 7 spell levels left.
You didn't know any spells.

Dungeon Overview and Level Annotations

Branches:
Dungeon (6/15)             Temple (1/1) D:4

Altars:
Ashenzari
Cheibriados
Dithmenos
Fedhas
Gozag
Hepliaklqana
Kikubaaqudgha
Makhleb
Okawaru
Ru
Sif Muna
Trog
Vehumet
Yredelemnul
Zin
The Shining One

Shops:
D:5 %


Innate Abilities, Weirdness & Mutations

You have very sharp teeth.
You are mostly covered in icy blue scales. (AC +3)
You possess an exceptional clarity of mind.
You are frail. (-10% HP)
Your system is resistant to poisons. (rPois)
You occasionally shout uncontrollably at your foes.
You expend magic power (3 MP) to strengthen your wands.


Message History

You hit the brown ugly thing.
You bite the brown ugly thing, but do no damage.
The brown ugly thing is heavily wounded.
The brown ugly thing pecks you but does no damage.
You hit the brown ugly thing. Your bite misses the brown ugly thing.
The brown ugly thing is heavily wounded.
The brown ugly thing pecks you but does no damage.
Your plate armour prevents you from hitting the brown ugly thing.
The brown ugly thing is heavily wounded.
You hit the leopard gecko but do no damage.
You block the leopard gecko's attack. The brown ugly thing pecks you.
You are splashed with acid!
The acid burns!
* * * LOW HITPOINT WARNING * * *
The leopard gecko bites you but does no damage.
You slash the brown ugly thing!
The brown ugly thing is severely wounded.
You miss the leopard gecko. The brown ugly thing pecks you!
* * * LOW HITPOINT WARNING * * *
You are splashed with acid!
The acid burns!
You die...

### .. ##.## (
##...#####
....##..#......
#...u@..#
####l#.##
####.#.###########
#................#
#....###########.#
####. #.# #. #.#
#. #.# #.#


You could see a brown ugly thing and a leopard gecko.

Vanquished Creatures
  The ghost of Jovan the Covered, an amateur HuWn (D:4)
  Menkaure (D:6)
  An ice beast (D:5)
  A sky beast (D:5)
  A phantom (D:4)
  A centaur (D:5)
  3 orc wizards (D:6)
  2 orc priests (D:6)
  A hound (D:4)
  An iguana (D:5)
  5 worker ants
  7 gnolls
  5 adders
  2 oozes
  An adder zombie (D:5)
  6 worms
  3 dart slugs
  A leopard gecko (D:5)
  17 orcs
  3 giant cockroaches
  13 goblins
  6 hobgoblins
  5 jackals
  4 quokkas
  A ball python (D:3)
  7 bats
  7 frilled lizards
  A giant cockroach zombie (D:5)
  6 kobolds
  A leopard gecko zombie (D:5)
  12 rats
126 creatures vanquished.

Notes
Turn   | Place    | Note
-------+----------+-------------------------------------------
     0 | D:1      | Kiturien the Hill Orc Fighter began the quest for the Orb.
     0 | D:1      | Reached XP level 1. HP: 19/19 MP: 1/1
   521 | D:1      | Reached skill level 3 in Axes
   521 | D:1      | Reached XP level 2. HP: 26/26 MP: 2/2
   763 | D:2      | Reached XP level 3. HP: 31/33 MP: 3/3
   901 | D:2      | Found a snail-covered altar of Cheibriados.
  1198 | D:2      | Reached skill level 4 in Axes
  1314 | D:2      | Reached XP level 4. HP: 40/40 MP: 4/4
  1772 | D:3      | Reached XP level 5. HP: 44/46 MP: 5/5
  1782 | D:3      | Gained mutation: Your system is resistant to poisons. (rPois) [potion of mutation]
  1782 | D:3      | Gained mutation: You possess an exceptional clarity of mind. [potion of mutation]
  1782 | D:3      | Gained mutation: You expend magic power (3 MP) to strengthen your wands. [potion of mutation]
  1784 | D:3      | Gained mutation: You are clumsy. (Dex -2) [potion of mutation]
  1784 | D:3      | Lost mutation: You are clumsy. (Dex -2) [potion of mutation]
  1944 | D:3      | Reached skill level 5 in Axes
  2407 | D:4      | Found a blossoming altar of Fedhas.
  2494 | D:4      | Noticed a phantom
  2574 | D:4      | Killed a phantom
  2574 | D:4      | Reached skill level 6 in Axes
  2574 | D:4      | Reached skill level 1 in Dodging
  2574 | D:4      | Reached XP level 6. HP: 41/53 MP: 6/6
  2758 | D:4      | Noticed Jovan's ghost (amateur HuWn)
  2788 | D:4      | Killed Jovan's ghost
  2788 | D:4      | Reached skill level 7 in Axes
  2788 | D:4      | Reached XP level 7. HP: 53/60 MP: 7/7
  2862 | D:4      | Found a staircase to the Ecumenical Temple.
  2868 | Temple   | Entered the Ecumenical Temple
  3213 | D:5      | Entered Level 5 of the Dungeon
  3310 | D:5      | Found a deep blue altar of Sif Muna.
  3318 | D:5      | Reached skill level 5 in Fighting
  3318 | D:5      | Reached skill level 5 in Armour
  3418 | D:5      | Found Ahiucics's Food Shop.
  3471 | D:5      | Reached skill level 8 in Axes
  3476 | D:5      | Gained mutation: You are frail. (-10% HP) [mutagenic meat]
  3477 | D:5      | Gained mutation: You have very sharp teeth. [mutagenic meat]
  3478 | D:5      | Gained mutation: You occasionally shout uncontrollably at your foes. [mutagenic meat]
  3479 | D:5      | Gained mutation: You are partially covered in icy blue scales. (AC +2) [mutagenic meat]
  3481 | D:5      | Gained mutation: You are mostly covered in icy blue scales. (AC +3) [mutagenic meat]
  3513 | D:5      | Reached XP level 8. HP: 46/61 MP: 8/8
  3754 | D:5      | Noticed a moth of wrath
  3757 | D:5      | Found a bloodstained altar of Trog.
  4210 | D:6      | Reached skill level 9 in Axes
  4274 | D:6      | Noticed Menkaure
  4276 | D:6      | Noticed a brown ugly thing
  4279 | D:6      | Killed Menkaure
  4279 | D:6      | Reached skill level 5 in Shields
  4285 | D:6      | Splashed by a brown ugly thing's acid

Skill      XL: |  1  2  3  4  5  6  7  8 |
---------------+-------------------------+-----
Axes           | 3 4 6 7 8 9 |  9.3
Armour         | 4 5 6 |  6.2
Fighting       | 4 5 |  5.4
Dodging        | 1 |  1.1
Shields        | 4 5 |  5.1
Stealth        | |  0.3

Action                   |  1- 3 |  4- 6 |  7- 9 || total
-------------------------+-------+-------+-------++-------
Melee: War axe           |   127 |   171 |   138 ||   436
       Bite              |       |       |    10 ||    10
  Use: Scroll            |     2 |     9 |     1 ||    12
       Potion            |       |     2 |       ||     2
  Eat: Fruit             |       |     1 |       ||     1
       Pizza             |       |     1 |       ||     1
       Chunk             |       |     4 |    11 ||    15
       Royal jelly       |       |     1 |       ||     1
Armor: Scale mail        |    52 |    36 |       ||    88
       Plate armour      |       |    40 |    71 ||   111
Dodge: Dodged            |    27 |    49 |    23 ||    99
Block: Shield            |    61 |    86 |    51 ||   198
